 Dungeon Crawl Stone Soup version 0.29-a0-322-g68df515428 (webtiles) character file.

Game seed: 15559202788607827867

56 bande the Covered (level 3, 0/24 HPs)
             Began as a Gargoyle Fighter on Apr 5, 2022.
             Slain by a quokka (3 damage)
             ... on level 4 of the Dungeon.
             The game lasted 00:03:23 (1912 turns).

bande the Covered (Gargoyle Fighter)                Turns: 1912, Time: 00:03:24

Health: 0/24       AC:  3    Str: 27    XL:     3   Next: 97%
Magic:  0/3        EV: 10    Int:  6    God:
Gold:   3          SH:  4    Dex: 11    Spells: 2/2 levels left

rFire   . . .      SeeInvis .   k - +3 hand axe of Lotag {vorpal, Will+ rCorr Str+8 Int-2}
rCold   . . .      Faith    .   c - +0 buckler
rNeg    + . .      Spirit   +   (no body armour)
rPois   ∞          Reflect  .   (no helmet)
rElec   +          Harm     .   (no cloak)
rCorr   +          Rampage  .   (no gloves)
Will    +....                   (no boots)
Stlth   +.........              b - amulet of guardian spirit
HPRegen 0.08/turn               g - ring of flight
MPRegen 0.08/turn               i - ring of resist corrosion

@: attractive, flying, hasted, very quick
A: sickness immunity, AC +3, negative energy resistance 1, electricity
resistance, torment resistance 1, petrification resistance
a: no special abilities


You were on level 4 of the Dungeon.
You visited 1 branch of the dungeon, and saw 3 of its levels.

You collected 147 gold pieces.
You spent 144 gold pieces at shops.

Inventory:

Hand Weapons
 a - a +0 war axe
 k - the +3 hand axe of Lotag (weapon) {vorpal, Will+ rCorr Str+8 Int-2}
   (You bought it in a shop on level 2 of the Dungeon)

   It inflicts extra damage upon your enemies.
   Str:       It affects your strength (+8).
   Int:       It affects your intelligence (-2).
   rCorr:     It protects you from acid and corrosion.
   Will:      It increases your willpower.
Armour
 c - a +0 buckler (worn)
 h - a +2 scale mail of fire resistance
Jewellery
 b - an amulet of guardian spirit (around neck)
 g - a ring of flight (left hand)
 i - a ring of resist corrosion (right hand)
 j - a ring of protection from cold
Scrolls
 e - 2 scrolls of blinking
Potions
 d - a potion of might
 f - a potion of attraction


   Skills:
 + Level 3.7 Fighting
 + Level 2.6 Axes
 + Level 3.7 Armour
 + Level 3.7 Shields


You had 2 spell levels left.
You didn't know any spells.
Your spell library contained the following spells:

 Spells                   Type           Power      Damage    Failure   Level
 Frozen Ramparts          Ice            0%         1d2       89%         3
 Airstrike                Air            0%         N/A       100%        4
 Ice Form                 Ice/Tmut       0%         N/A       100%        4
 Summon Ice Beast         Ice/Summ       0%         N/A       100%        4
 Summon Lightning Spire   Summ/Air       0%         N/A       100%        4
 Lightning Bolt           Conj/Air       0%         1d11      100%        5


Dungeon Overview and Level Annotations

Branches:
Dungeon (2/15)

Altars:
Uskayaw

Shops:
D:2 (


Innate Abilities, Weirdness & Mutations

You are immune to sickness and miasma.
Your stone body is resilient. (AC +3)
You are immune to poison.
You resist negative energy. (rN+)
You are resistant to electric shocks. (rElec)
You are resistant to unholy torment.
You are immune to petrification.


Message History

You closely miss the phantom. The phantom hits you!
The phantom blinks!
You blink.
You are too injured to fight recklessly!
You are too injured to fight recklessly!
You are too injured to fight recklessly!
You are too injured to fight recklessly!
You are too injured to fight recklessly!
You are too injured to fight recklessly!
You are too injured to fight recklessly!
You are too injured to fight recklessly!
You are too injured to fight recklessly!
Unknown command.
You barely miss the phantom. The phantom hits you.
The phantom blinks!
You blink.
You closely miss the phantom. The phantom hits you.
* * * LOW HITPOINT WARNING * * *
The phantom hits you but does no damage.
You hit the phantom.
The phantom is lightly damaged.
The phantom hits you but does no damage.
You slash the phantom!
The phantom is heavily damaged.
The phantom hits you.
* * * LOW HITPOINT WARNING * * *
You barely miss the phantom.
The phantom is heavily damaged.
The phantom barely misses you.
You closely miss the phantom.
The phantom is heavily damaged.
You block the phantom's attack.
You closely miss the phantom.
The phantom is heavily damaged.
The phantom barely misses you. The phantom hits you.
* * * LOW HITPOINT WARNING * * *
It was a potion of attraction.
You feel attractive to monsters. The phantom barely misses you.
The quokka is attracted toward you. The orc wizard is attracted toward you.
It was a potion of haste.
You feel yourself speed up. The quokka bites you.
You die...

### ##..# ##. ....##...
##........ ........ #####
##.....# #.#.###W....# ...
###....##@....## ....
#......#..r....## ##....
#.....†.......###......
##..)......o.............
##...###.................#
#...###...................
###..............§..........
#...........................
###......##.#.#.............


You could see a phantom, an orc wizard and a quokka.

Vanquished Creatures
  2 adders (D:2)
  A worm (D:2)
  3 endoplasms
  A giant cockroach (D:2)
  2 goblins (D:1)
  3 hobgoblins
  3 jackals (D:2)
  3 kobolds
  2 quokkas
  5 ball pythons
  4 bats (D:1)
  2 frilled lizards (D:1)
  3 rats
  A spectral kobold (D:1)
35 creatures vanquished.

Vanquished Creatures (others)
  4 toadstools (D:1)
4 creatures vanquished.

Grand Total: 39 creatures vanquished

Notes
Turn   | Place    | Note
-------+----------+-------------------------------------------
     0 | D:1      | bande the Gargoyle Fighter began the quest for the Orb.
     0 | D:1      | Reached XP level 1. HP: 14/14 MP: 1/1
   224 | D:1      | Reached XP level 2. HP: 18/19 MP: 2/2
   574 | D:1      | Found a faded altar of an unknown god.
   945 | D:2      | Found Zidghainu's Antique Weapon Boutique.
   960 | D:2      | Reached XP level 3. HP: 5/23 MP: 3/3
  1613 | D:2      | Bought a masterwork hand axe for 144 gold pieces
  1613 | D:2      | Identified the +3 hand axe of Lotag {vorpal, Will+ rCorr
                  | Str+8 Int-2} (You bought it in a shop on level 2 of the
                  | Dungeon)
  1757 | D:2      | You are sucked into a shaft and drop 2 floors!
  1757 | D:4      | Found a hide-covered altar of Uskayaw.
  1897 | D:4      | Noticed a phantom
  1912 | D:4      | Slain by a quokka

Illustrated notes

Levels and vault maps discovered:
D:1:      ldierk_water_garden, layout_rooms,
          dreamdust_ecumenical_altar_drowned_temple,
          minmay_misc_feat_secret_circle, skrybe_limestone_x
D:2:      layout_rooms, serial_shops, nicolae_shop_waterfront
D:4:      layout_cave_pools, lemuel_crystal_altar, lemuel_tele_altar,
          minmay_temple_entry_sparse_star

Skill      XL: |  1  2 |
---------------+-------+-----
Axes           | 2 |  2.6
Fighting       | |  3.7
Armour         | |  3.7
Shields        | |  3.7

Action                   || total
-------------------------++-------
Melee: War axe           ||    99
       Hand axe          ||    17
  Use: Scroll            ||     1
       Potion            ||     2
 Stab: Sleeping          ||     1
Armor: Scale mail        ||    24
       Skin              ||    28
Dodge: Dodged            ||    68
Block: Buckler           ||    38

Table legend: (Time is in decaauts)
 A = Elapsed time spent in this place.
 B = Non-inter-level travel time spent in this place.
 C = Inter-level travel time spent in this place.
 D = Time resting spent in this place.
 E = Time spent auto-exploring this place.
 F = Levels seen in this place.
 G = Mean time per level.
                   A        B        C        D        E       F      G
               +--------+--------+--------+--------+--------+-----+--------+
         Total |   1961 |   1893 |     68 |    590 |    926 |   3 |  653.7 |
       Dungeon |   1961 |   1893 |     68 |    590 |    926 |   3 |  653.7 |
               +--------+--------+--------+--------+--------+-----+--------+

Top non-repeatable levels by time:
     D:1: 969 daAuts
     D:2: 833 daAuts
     D:4: 157 daAuts
